AoeStats
← The Erion

Arena

508449159Analyzed
4v4 RM · 10d ago on Sep 22, 2026· 40m 9s· 8 players
Game mode
Random Map
Map size
Large (8 player)
Population
200
Speed
Normal
Resources
Standard
Victory
Conquest
Starting age
Dark Age
Ending age
Imperial Age
RankedLock teamsTeams togetherTeam positionsShared explorationLock speedFull tech treeHidden civsTurbo modeCheats
Victory
Defeat
🇲🇽 Teutons · Mexico
1056
+14
🇳🇱 Huns · Netherlands
1045
+14
🇪🇸 Hindustanis · Spain
1018
+16
🇮🇸 Koreans · Iceland
964
+44
🇫🇷 Khitans · France
1127
-19
🇹🇼 Franks · Taiwan
1123
-20
🇹🇼 Italians · Taiwan
986
-15
🇫🇷 Persians · France
800
-8
Age_of_Empires
0:33 Loom
11:25 Feudal Age
12:10 Town Watch
15:12 Fletching
25:35 Castle Age
24:57 Horse Collar
25:09 Gold Mining
25:07 Double-Bit Axe
29:13 Bodkin Arrow
32:26 Scale Mail Armor
34:38 Forging
39:43 Wheelbarrow
41:41 Imperial Age
40:39 Chain Mail Armor
40:59 Iron Casting
Ace
4:45 Loom
11:28 Feudal Age
12:25 Double-Bit Axe
15:45 Castle Age
13:32 Horse Collar
18:19 Bow Saw
24:11 Wheelbarrow
26:22 Heavy Plow
29:46 Imperial Age
28:02 Scale Barding Armor
28:07 Forging
28:11 Bloodlines
28:01 Husbandry
28:44 Husbandry
29:06 Chain Barding Armor
29:58 Hand Cart
31:48 Two-Man Saw
31:47 Plate Barding Armor
31:47 Iron Casting
30:38 Heavy Camel Rider
33:42 Iron Casting
33:06 Murder Holes
33:17 Siege Engineers
33:43 Imperial Camel Rider
37:11 Blast Furnace
36:28 Light Cavalry
julian
10:56 Feudal Age
11:18 Loom
11:42 Double-Bit Axe
15:20 Castle Age
13:34 Horse Collar
16:50 Bow Saw
18:00 Heavy Plow
21:58 Gold Mining
22:33 Stone Mining
24:06 Gold Shaft Mining
24:13 Wheelbarrow
28:48 Imperial Age
26:52 Scale Barding Armor
26:58 Forging
28:45 Hand Cart
28:53 Bloodlines
28:43 Husbandry
29:16 Town Watch
29:05 Cavalier
30:16 Chain Barding Armor
30:45 Iron Casting
31:12 Parthian Tactics
31:12 Ballistics
31:02 Thumb Ring
32:33 Two-Man Saw
32:44 Chemistry
32:38 Conscription
32:21 Marauders
33:22 Plate Barding Armor
33:48 Blast Furnace
32:49 Padded Archer Armor
32:39 Fletching
33:20 Paladin
35:26 Atheism
38:06 Elite Tarkan
TastyTreat
9:28 Loom
12:00 Feudal Age
16:14 Castle Age
14:44 Horse Collar
14:51 Double-Bit Axe
18:41 Heavy Plow
19:24 Stone Mining
21:22 Gold Mining
24:41 Fletching
27:36 Bow Saw
27:52 Ballistics
29:16 Wheelbarrow
28:27 Town Watch
30:13 Hand Cart
33:31 Imperial Age
32:24 Caravan
32:42 Fortified Wall
32:47 Bodkin Arrow
33:40 Stone Shaft Mining
33:41 Gold Shaft Mining
35:37 Two-Man Saw
36:06 Chemistry
35:44 Shinkichon
37:05 Bracer
37:12 Scale Barding Armor
38:24 Siege Engineers
38:16 Murder Holes
37:52 Heavy Rocket Cart
39:19 Conscription
Orlinn
1:52 Loom
11:43 Feudal Age
16:55 Castle Age
15:10 Double-Bit Axe
16:22 Stone Mining
16:26 Gold Mining
23:13 Wheelbarrow
22:52 Town Watch
24:28 Bow Saw
24:14 Domestication
30:14 Imperial Age
28:59 Hand Cart
29:18 Ballistics
29:40 Stone Shaft Mining
29:45 Hand Cart
29:27 Arson
29:42 Squires
29:47 Pastoralism
31:11 Lamellar Armor
32:52 Conscription
32:26 Elite Fire Lancer
33:43 Scale Mail Armor
33:53 Forging
35:01 Two-Man Saw
34:39 Chain Mail Armor
36:03 Iron Casting
36:45 Plate Mail Armor
39:38 Pikeman
ZedongMao
11:21 Feudal Age
15:01 Loom
17:39 Castle Age
36:35 Wheelbarrow
The Erion
11:23 Feudal Age
11:41 Feudal Age
15:44 Castle Age
13:59 Double-Bit Axe
17:07 Bow Saw
21:31 Loom
22:26 Wheelbarrow
24:01 Hand Cart
25:11 Gold Mining
28:44 Gold Shaft Mining
28:21 Scale Barding Armor
28:27 Forging
30:54 Imperial Age
28:14 Town Watch
29:26 Chain Barding Armor
30:57 Husbandry
30:56 Cavalier
32:43 Plate Barding Armor
32:44 Iron Casting
33:33 Coinage
36:24 Blast Furnace
35:12 Paladin
38:25 Conscription
Petrus
0:35 Loom
11:14 Feudal Age
17:15 Castle Age
16:37 Double-Bit Axe
16:36 Horse Collar
22:31 Wheelbarrow
29:28 Imperial Age
27:16 Hand Cart
28:00 Kamandaran
29:56 Heavy Plow
30:08 Bow Saw
31:01 Chemistry
30:23 Ballistics
30:41 Gold Mining
31:10 Fletching
31:40 Crossbowman
32:29 Thumb Ring
33:12 Gold Shaft Mining
35:06 Forging
34:59 Scale Mail Armor
35:42 Elite War Elephant
37:26 Pikeman
38:07 Squires
38:52 Halberdier
40:16 Crop Rotation
Connection lost

Rejoining the realm…

Still unreachable

The connection could not be restored.

Session expired

The server has moved on; the page needs a fresh start.